 Dungeon Crawl Stone Soup version 0.31.0-12-g77e489cdc1 (webtiles) character file.

Game seed: 9890240141049098582

1001 ValenXur the Trooper (level 8, 0/57 HPs)
             Began as an Octopode Shapeshifter on Mar 7, 2024.
             Was a Follower of Makhleb.
             Slain by an iguana (6 damage)
             ... on level 6 of the Dungeon.
             The game lasted 00:08:41 (5492 turns).

ValenXur the Trooper (Octopode Shapeshifter)        Turns: 5492, Time: 00:08:42

Health: 0/57       AC:  1    Str: 14    XL:     8   Next: 20%
Magic:  26/26      EV: 14    Int:  9    God:    Makhleb [*.....]
Gold:   271        SH:  0    Dex: 13    Spells: 7/7 levels left

rFire   + .          .
                       - Unarmed
rCold   + . .        (no shield)
rNeg    . . .        (helmet currently unavailable)
rPois   .            (no amulet)
rElec   .            F - ring of protection from fire
rCorr   +            Z - ring of wizardry
SInv    .            f - ring of protection from fire
Will    .....        M - ring of magical power
Stlth   +++          x - ring of Amelioration {rF- rC+ rCorr MP+9 Int-3}
HPRegen 0.29/turn    (no ring)
MPRegen 0.20/turn    (no ring)
                     (no ring)

%: wizardry (x1)
@: beast-form
A: beast (slay +1), almost no armour, amphibious, 8 rings, camouflage 1,
gelatinous body 1, nimble swimmer 1, tentacles
a: Begin Untransformation, Renounce Religion


You were on level 6 of the Dungeon.
You worshipped Makhleb.
Makhleb was aware of your devotion.
You were a hulking beast.
You visited 2 branches of the dungeon, and saw 7 of its levels.

You collected 271 gold pieces.


Innate Abilities, Weirdness & Mutations

You are a hulking beast.
Your limbs bulge with bestial killing power. (Slay +1)
You cannot wear most types of armour.
You are amphibious.
You can wear up to eight rings at the same time.
Your skin changes colour to match your surroundings (Stealth+).
Your rubbery body absorbs attacks. (AC +1, EV +1)
You are camouflaged when in or above water. (Stealth+)
You have tentacles for arms and can constrict up to eight enemies at once.


   Skills:
 - Level 6.0 Fighting
 - Level 5.0 Dodging
 - Level 6.0 Unarmed Combat
 + Level 3.1 Shapeshifting


You had 7 spell levels left.
You didn't know any spells.
Your spell library contained the following spells:

 Spells                   Type           Power      Damage    Failure   Level
 Sandblast                Erth           0%         2d4       16%         1
 Passwall                 Erth           0%         N/A       43%         3
 Stone Arrow              Conj/Erth      0%         3d7       43%         3
 Brom's Barrelling Bould  Conj/Erth      0%         2d3       82%         4
 Vhi's Electric Charge    Tloc/Air       0%         N/A       82%         4
 Arcjolt                  Conj/Air       0%         1d10      98%         5
 Maxwell's Capacitive Co  Air            0%         ∞         100%        8

Inventory:

Hand Weapons
 s - a +2 whip of venom
Missiles
 o - 2 throwing nets {=f}
Magical Staves
 t - a staff of conjuration {!a}
 z - the staff "Tiedegg" {rF+ rC+ rCorr Str-3 Tloc Ice, !a}
   (You found it on level 6 of the Dungeon)

   [staff of cold]

   Base accuracy: +5 Base damage: 5 Base attack delay: 1.2 This weapon's minimum
   attack delay (0.6) is reached at skill level 12.
   Str-3:     It affects your strength (-3).
   rF+:       It protects you from fire.
   rC+:       It protects you from cold.
   rCorr:     It protects you from acid and corrosion.
   Tloc:      It increases the power of your Translocations spells.
   Ice:       It increases the power of your Ice spells.
   It falls into the 'Staves' category.
   It is a one-tentacled weapon.
Jewellery
 f - a ring of protection from fire (on tentacle)
 x - the ring of Amelioration (on tentacle) {rF- rC+ rCorr MP+9 Int-3}
   (You found it on level 6 of the Dungeon)

   [ring of protection from cold]

   Int-3:     It affects your intelligence (-3).
   rF-:       It makes you vulnerable to fire.
   rC+:       It protects you from cold.
   MP+9:      It affects your magic capacity (+9).
   rCorr:     It protects you from acid and corrosion.
 F - a ring of protection from fire (left tentacle)
 M - a ring of magical power (on tentacle)
 Z - a ring of wizardry (right tentacle)
Talismans
 b - a beast talisman
 c - a flux talisman
Wands
 y - a wand of roots (12)
Scrolls
 d - a scroll of brand weapon {unknown}
 e - 2 scrolls of enchant weapon {unknown}
 h - a scroll of blinking {unknown}
 i - a scroll of vulnerability {unknown}
 j - a scroll of amnesia {unknown}
 k - a scroll of noise {unknown}
 m - 2 scrolls of poison {unknown}
 p - 2 scrolls of revelation
 q - a scroll of summoning {unknown}
 u - a scroll of teleportation {unknown}
Potions
 a - a potion of lignification
 l - 4 potions of cancellation
 n - 4 potions of brilliance
 r - 2 potions of curing {unknown}
 v - a potion of resistance {unknown}
 w - a potion of berserk rage {unknown}

Dungeon Overview and Level Annotations

Branches:
Dungeon (6/15)             Temple (1/1) D:4

Altars:
Ashenzari
Cheibriados
Elyvilon
Fedhas
Hepliaklqana
Makhleb
Nemelex Xobeh
Sif Muna
Uskayaw
Vehumet
Wu Jian
Xom
Yredelemnul

Shops:
D:1 ?

Annotations:
D:5 Dowan, Duvessa, Grinder

####.#.▒▒▒▒▒▒▒.##.#####....,*
[....†.....................,*
#####.#..#....###.#####....,**
*####.#........[#.#####....,,*
*#..........▒▒▒▒▒▒▒▒▒▒▒▒▒▒▒*,*
*#.##.#.....▒..............*,*
##.##.####..▒.~~~~~~~≈~~~~.*,*
......# #..'.~ggll≈≈S≈~~~.+,*
##)#### #..▒.~~h~≈≈≈≈≈~≈≈.***
#.# ##.▒.~~~~≈~≈~≈~~~.*
##.#### **..▒..............*
......#**...▒▒▒▒▒▒▒▒▒▒▒▒▒▒▒*
#...#.##.........####...#..*
.......+.........'.........*
#...#.##.........####......*
##..#.###.....,,** *,,,,,,*
.....># **,,,,,** ***,****


You could see 2 iguanas, an electric eel and 2 gnolls.


Message History

You need to enable at least one skill for training.
The iguana bites you. The iguana bites you!
* * * LOW HITPOINT WARNING * * *
There is an open door, spattered with blood here.
Unknown command.
The iguana attacks as it pursues you! The iguana barely misses you.
You enter the shallow water.
The iguana barely misses you.
An electric eel comes into view.
The iguana attacks as it pursues you!
The iguana bites you but does no damage.
Okay, then.
As you read the scroll labelled FUISER CUZEI, it crumbles to dust.
You feel aware of your surroundings.
It was a scroll of revelation.
The iguana barely misses you. The iguana bites you!
* * * LOW HITPOINT WARNING * * *
Okay, then.
You feel much better. The iguana misses you. The iguana closely misses you.
The electric eel shoots out a bolt of lightning at you!
The bolt of electricity hits you!
* * * LOW HITPOINT WARNING * * *
The iguana bites you!
* * * LOW HITPOINT WARNING * * *
The gnoll misses you.
The electric eel shoots out a bolt of lightning at you!
The bolt of electricity hits you!
* * * LOW HITPOINT WARNING * * *
The iguana closely misses you. The iguana completely misses you.
Unknown command.
The gnoll closely misses you. The iguana bites you.
You die...

Skill      XL: |  1  2  3  4  5  6  7  8 |
---------------+-------------------------+-----
Fighting       | 2 3 4 5 6 |  6.0
Unarmed Combat | 4 5 6 |  6.0
Dodging        | 3 5 |  5.0
Shapeshifting  | |  3.1

Action                     |  1- 3 |  4- 6 |  7- 9 || total
---------------------------+-------+-------+-------++-------
  Melee: Unarmed           |    77 |    59 |    44 ||   180
         Constrict         |    25 |    16 |     9 ||    50
         Tentacles         |    18 |    16 |     9 ||    43
         Punch             |     1 |     2 |     2 ||     5
         Whip              |       |     3 |       ||     3
    Use: Scroll            |     2 |     2 |     1 ||     5
         Potion            |       |     1 |     2 ||     3
   Stab: Sleeping          |     7 |     4 |     2 ||    13
 Armour: Skin              |    33 |    40 |    39 ||   112
  Dodge: Dodged            |    58 |    28 |    53 ||   139

Levels and vault maps discovered:
D:1:      wander_arrival_peaceful_grave, layout_basic, serial_shops, shop,
          minivault_25
D:2:      layout_basic
D:3:      layout_basic, minmay_goblin_outpost
D:4:      layout_layer_cave, minmay_temple_entry_drinking_statues, minivault_19
D:5:      layout_cave_pools, nicolae_overflow_hallway_of_the_gods, uniq_grinder,
          uniq_blork_the_orc, uniq_crazy_yiuf_cottage, uniq_prince_ribbit1,
          uniq_duvessa
D:6:      layout_loops_corners, mainiacjoe_overflow_cross_hatched,
          nrook_pool_corridor
Temple:   nicolae_temple_bog_church

Notes
Turn   | Place    | Note
-------+----------+-------------------------------------------
     0 | D:1      | ValenXur the Octopode Shapeshifter began the quest for the
                  | Orb.
     0 | D:1      | Reached XP level 1. HP: 13/13 MP: 1/1
     5 | D:1      | Found Quwestex's Magic Scroll Shop.
    91 | D:1      | Reached skill level 2 in Fighting
    91 | D:1      | Reached XP level 2. HP: 19/19 MP: 2/2
   209 | D:1      | Reached XP level 3. HP: 19/25 MP: 3/3
   235 | D:1      | Reached skill level 3 in Fighting
  1693 | D:3      | Reached XP level 4. HP: 31/31 MP: 4/4
  1933 | D:3      | Noticed a black bear
  2406 | D:4      | Found a staircase to the Ecumenical Temple.
  2419 | Temple   | Entered the Ecumenical Temple
  2537 | Temple   | Became a worshipper of Makhleb the Destroyer
  2600 | D:4      | Noticed a scorpion
  2610 | D:4      | Killed a scorpion
  2611 | D:4      | Reached skill level 4 in Fighting
  2611 | D:4      | Reached skill level 4 in Unarmed Combat
  2611 | D:4      | Reached XP level 5. HP: 37/37 MP: 5/5
  3565 | D:4      | Reached XP level 6. HP: 39/44 MP: 6/6
  3974 | D:5      | Entered Level 5 of the Dungeon
  3974 | D:5      | Noticed Duvessa
  4013 | D:5      | Noticed Grinder
  4019 | D:5      | Reached skill level 5 in Fighting
  4019 | D:5      | Reached skill level 5 in Unarmed Combat
  4145 | D:5      | Noticed Dowan
  4600 | D:6      | Identified the ring of Amelioration {rF- rC+ rCorr MP+9
                  | Int-3}
  4603 | D:6      | Found an ornate altar of the Wu Jian Council.
  4617 | D:6      | Reached skill level 3 in Dodging
  4661 | D:6      | Reached XP level 7. HP: 48/50 MP: 7/7
  4690 | D:6      | Reached skill level 4 in Dodging
  5000 | D:6      | Reached skill level 5 in Dodging
  5174 | D:6      | Identified the staff "Tiedegg" {rF+ rC+ rCorr Str-3 Tloc
                  | Ice}
  5257 | D:6      | Reached * piety under Makhleb
  5386 | D:6      | Reached XP level 8. HP: 24/56 MP: 8/8
  5480 | D:6      | Reached skill level 6 in Fighting
  5480 | D:6      | Reached skill level 6 in Unarmed Combat
  5491 | D:6      | HP: 5/57 [electric eel/bolt of electricity (8)]
  5492 | D:6      | Slain by an iguana

Vanquished Creatures
  A black bear (D:6)
  2 ogres
  A centaur (D:6)
  3 bullfrogs (D:6)
  2 scorpions
  A bombardier beetle (D:4)
  A jelly (D:6)
  2 hounds
  4 iguanas
  2 adders
  3 gnolls (D:6)
  2 ufetubi (D:5)
  2 dart slugs (D:1)
  A ribbon worm (D:2)
  6 orcs
  A ball python (D:1)
  2 endoplasms (D:1)
  2 giant cockroaches
  10 goblins
  9 hobgoblins
  4 jackals (D:1)
  3 kobolds
  4 quokkas
  7 bats
  2 frilled lizards
  5 rats
82 creatures vanquished.

Table legend: (Time is in decaauts)
 A = Elapsed time spent in this place.
 B = Non-inter-level travel time spent in this place.
 C = Inter-level travel time spent in this place.
 D = Time resting spent in this place.
 E = Time spent auto-exploring this place.
 F = Levels seen in this place.
 G = Mean time per level.
                   A        B        C        D        E       F      G
               +--------+--------+--------+--------+--------+-----+--------+
         Total |   5476 |   5227 |    249 |    765 |   3627 |   7 |  782.3 |
       Dungeon |   5345 |   5120 |    225 |    665 |   3627 |   6 |  890.8 |
        Temple |    131 |    107 |     24 |    100 |      0 |   1 |  131.0 |
               +--------+--------+--------+--------+--------+-----+--------+

Top non-repeatable levels by time:
     D:4: 1564 daAuts
     D:6: 1103 daAuts
     D:2: 979 daAuts
     D:3: 790 daAuts
     D:1: 559 daAuts
     D:5: 348 daAuts
  Temple: 131 daAuts

Table legend:
 A = Non-vault XP
 B = Vault XP
 C = Vault XP percentage of total XP
 D = Non-vault monster count
 E = Vault monster count
 F = Vault count percentage of total count
                 A         B        C        D         E       F
            +---------+---------+-------+---------+---------+-------
      Total |    1421 |       9 |   0.6 |      77 |       5 |   6.1
            +---------+---------+-------+---------+---------+-------
        D:1 |      48 |       0 |   0.0 |      27 |       0 |   0.0
        D:2 |      12 |       0 |   0.0 |       7 |       0 |   0.0
        D:3 |      28 |       9 |  24.3 |       9 |       5 |  35.7
        D:4 |     357 |       0 |   0.0 |      15 |       0 |   0.0
        D:5 |      58 |       0 |   0.0 |       3 |       0 |   0.0
        D:6 |     915 |       0 |   0.0 |      15 |       0 |   0.0
     Temple |       3 |       0 |   0.0 |       1 |       0 |   0.0
            +---------+---------+-------+---------+---------+-------
